 Dungeon Crawl Stone Soup version 0.22.1-1-ga44c0e5 (webtiles) character file.

32 inc the Ducker (level 3, 17/17 HPs)
             Began as a Felid Monk on Oct 28, 2018.
             Was a Follower of Uskayaw.
             Quit the game on level 2 of the Dungeon.
             The game lasted 00:02:14 (1908 turns).

inc the Ducker (Felid Monk)                         Turns: 1908, Time: 00:02:15

Health: 17/17      AC:  1    Str:  7    XL:     3   Next: 8%
Magic:  4/4        EV: 21    Int: 11    God:    Uskayaw [*.....]
Gold:   89         SH:  0    Dex: 19    Spells: 2/2 levels left
                                        Lives:  0   Deaths: 1

rFire    . . .     SeeInvis +     - Unarmed
rCold    . . .     Gourm    .   (shield unavailable)
rNeg     . . .     Faith    .   (armour unavailable)
rPois    .         Spirit   .   (helmet unavailable)
rElec    .         Reflect  .   (cloak unavailable)
rCorr    .         Harm     .   (gloves unavailable)
MR       .....                  (boots unavailable)
Stlth    +++.......             g - amulet of the acrobat
HPRegen  0.05/turn              (no ring)
MPRegen  0.09/turn              (no ring)

@: quick
A: very small, no armour, no weapons or thrown items, stealth, claws 1, fangs 3,
see invisible, carnivore, speed 1, shaggy fur 1, slow metabolism 1, sharp paws
a: Stomp, Renounce Religion


You were on level 2 of the Dungeon.
You worshipped Uskayaw.
Uskayaw was noncommittal.
You were not hungry.

You visited 1 branch of the dungeon, and saw 3 of its levels.

You collected 89 gold pieces.

Inventory:

Jewellery
 g - an amulet of the acrobat (around neck)
Scrolls
 b - a scroll of identify
 c - a scroll of fog {unknown}
 d - a scroll of remove curse {unknown}
 e - a scroll of magic mapping {unknown}
 h - a scroll of teleportation {unknown}
Potions
 f - 2 potions of might
 i - a potion of curing {unknown}
Comestibles
 a - 4 rations


   Skills:
 - Level 3.0 Fighting
 + Level 5.4 Dodging
 - Level 2.6 Stealth
 + Level 4.1 Unarmed Combat


You had 2 spell levels left.
You didn't know any spells.
Your spell library was empty.

Dungeon Overview and Level Annotations

Branches:
Dungeon (3/15)

Altars:
Okawaru
Trog
Uskayaw
Vehumet
Zin


Innate Abilities, Weirdness & Mutations

You cannot wear armour.
You are incapable of wielding weapons or throwing items.
Your paws allow you to move quietly. (Stealth)
You have sharp claws.
You have razor-sharp teeth.
You have supernaturally acute eyesight. (SInv)
You are carnivorous and can eat meat at any time.
You cover ground quickly.
You are covered in fur. (AC +1)
You have a slow metabolism.
Your sharp claws are effective at attacking unaware monsters.


Message History

You bite the sky beast, but do no damage.
The sky beast hits you. The sky beast shocks you.
* * * LOW HITPOINT WARNING * * *
You are too injured to fight recklessly!
You are too injured to fight recklessly!
You are too injured to fight recklessly!
You are too injured to fight recklessly!
You are too injured to fight recklessly!
You are too injured to fight recklessly!
You are too injured to fight recklessly!
You are too injured to fight recklessly!
You are too injured to fight recklessly!
You are too injured to fight recklessly!
You are too injured to fight recklessly!
The sky beast hits you.
You die...
The sky beast shocks you.
You are now level 3!
You rejoin the land of the living...
Are you sure you want to abandon this character and quit the game? (Confirm

#####.... ############ #.#..
#..........########## ####.#>.
#..........)........# #...(##.
#...................######.#####.
#.......................#..# #.
#....)..<.[.........##.....## #.
#.................).#.......# ##
#...............@...#._..._.##
#............................#
#..........(............8....#
#..........######.##.........#
#..........# #....._..._.##
############ #####.......#
###...### #####


There were no monsters in sight!

Vanquished Creatures
  3 adders (D:2)
  An ooze (D:1)
  3 dart slugs
  A ball python (D:2)
  6 bats
  3 giant cockroaches
  5 goblins
  5 hobgoblins
  3 frilled lizards (D:2)
  3 kobolds
  3 rats
36 creatures vanquished.

Notes
Turn   | Place    | Note
-------+----------+-------------------------------------------
     0 | D:1      | inc the Felid Monk began the quest for the Orb.
     0 | D:1      | Reached XP level 1. HP: 10/10 MP: 2/2
    85 | D:1      | Reached XP level 2. HP: 7/14 MP: 3/3
   939 | D:2      | Reached XP level 3. HP: 9/17 MP: 4/4
  1040 | D:2      | Found a glowing silver altar of Zin.
  1042 | D:2      | Found a bloodstained altar of Trog.
  1045 | D:2      | Found a hide-covered altar of Uskayaw.
  1045 | D:2      | Found an iron altar of Okawaru.
  1061 | D:2      | Became a worshipper of Uskayaw the Reveler
  1061 | D:2      | Reached * piety under Uskayaw
  1083 | D:2      | Reached skill level 5 in Dodging
  1422 | D:2      | Reached ** piety under Uskayaw
  1794 | D:2      | Found a radiant altar of Vehumet.
  1875 | D:2      | Reached XP level 4. HP: 21/21 MP: 5/5
  1899 | D:3      | Noticed a sky beast
  1906 | D:2      | HP: 1/21 [sky beast (6)]
  1907 | D:2      | Slain by a sky beast
  1908 | D:2      | Reached XP level 3. HP: 0/17 MP: 4/4
  1908 | D:2      | Quit the game

Skill      XL: |  1  2  3 |
---------------+----------+-----
Dodging        | 5 |  5.4
Unarmed Combat | 4 |  4.1
Fighting       | |  3.0
Stealth        | |  2.6

Action                   |  1- 3 |  4- 6 || total
-------------------------+-------+-------++-------
Melee: Unarmed           |   123 |     3 ||   126
       Bite              |    14 |     1 ||    15
       Punch             |     1 |       ||     1
  Use: Scroll            |     2 |       ||     2
 Stab: Sleeping          |     2 |       ||     2
  Eat: Chunk             |     1 |       ||     1
Armor: Skin              |    11 |       ||    11
Dodge: Dodged            |   120 |     2 ||   122
